 Dungeon Crawl Stone Soup version 0.23-a0-356-g1757c6e (webtiles) character file.

21 Cryolive the Digger (level 2, 0/15 HPs)
             Began as a Gargoyle Earth Elementalist on Oct 21, 2018.
             Slain by a goblin
             ... wielding a +0 dagger
              (3 damage)
             ... on level 1 of the Dungeon.
             The game lasted 00:02:12 (484 turns).

Cryolive the Digger (Gargoyle Earth Elementalist)    Turns: 484, Time: 00:02:13

Health: 0/15       AC:  4    Str: 11    XL:     2   Next: 87%
Magic:  5/5        EV: 12    Int: 15    God:
Gold:   17         SH:  0    Dex: 10    Spells: 5/6 levels left

rFire    . . .     SeeInvis .   k - +0 mace
rCold    . . .     Gourm    .   (no shield)
rNeg     + . .     Faith    .   c - +0 robe
rPois    ∞         Spirit   .   (no helmet)
rElec    +         Reflect  .   (no cloak)
rCorr    .         Harm     .   (no gloves)
MR       .....                  (no boots)
Stlth    ++........             (no amulet)
HPRegen  0.05/turn              (no ring)
MPRegen  0.09/turn              (no ring)

@: no status effects
A: negative energy resistance 1, electricity resistance, unbreathing,
petrification resistance, rot immunity, AC +2
a: no special abilities


You were on level 1 of the Dungeon.
You were not hungry.

You visited 1 branch of the dungeon, and saw 1 of its levels.

You collected 17 gold pieces.

Inventory:

Hand Weapons
 k - a +0 mace (weapon)
Missiles
 b - 41 stones (quivered)
Armour
 c - a +0 robe (worn)
Jewellery
 a - an uncursed ring of see invisible {unknown}
Scrolls
 e - a scroll of fear {unknown}
 f - 2 scrolls of identify {unknown}
 h - a scroll of teleportation {unknown}
Potions
 i - a potion of brilliance {unknown}
 j - a potion of resistance {unknown}
Comestibles
 d - 2 rations


   Skills:
 - Level 1.5 Dodging
 - Level 2.2 Stealth
 + Level 2.5 Spellcasting
   Level 0.7 Transmutations
 + Level 4.3 Earth Magic


You had 5 spell levels left.
You knew the following spells:

 Your Spells              Type           Power        Failure   Level  Hunger
a - Sandblast             Erth           ##....       3%          1    #......

Your spell library contained the following spells:

 Spells                   Type           Power        Failure   Level  Hunger
 Passwall                 Tmut/Erth      #.......     12%         2    ###....
 Stone Arrow              Conj/Erth      #.....       26%         3    ###....
 Petrify                  Tmut/Erth      #.......     58%         4    #####..
 Lee's Rapid Deconstruct  Erth           ##........   69%         5    ######.


Dungeon Overview and Level Annotations

Branches:
Dungeon (1/15)

Altars:


Innate Abilities, Weirdness & Mutations

You are resistant to torment.
Your stone body is resilient. (AC +2)
You are immune to poison.
You resist negative energy. (rN+)
You are resistant to electric shocks. (rElec)
You can survive without breathing.
You are immune to petrification.
You are immune to rotting.


Message History

A goblin comes inta view.
It be wieldin' a +0 dagger.
Tha bat barely misses ye.
Tha bat hits ye but does nay damage.
Tha hobgoblin barely misses ye.
Ye closely miss tha hobgoblin.
Tha hobgoblin closely misses ye.
Ye completely miss tha hobgoblin.
Ye hit tha hobgoblin.
Tha hobgoblin be lightly wounded.
Tha hobgoblin barely misses ye.
Tha goblin hits ye wit' a +0 dagger.
* * * LOW HITPOINT WARNIN'
* * * Ye barely miss tha hobgoblin.
Tha hobgoblin be lightly wounded.
Tha hobgoblin hits ye but does nay damage.
Tha goblin closely misses ye.
Tha hobgoblin hits ye wit' a +0 club.
* * * LOW HITPOINT WARNIN'
* * * Tha goblin barely misses ye.
Ye hit tha hobgoblin.
Tha hobgoblin be almost dead.
Tha hobgoblin hits ye but does nay damage.
Tha goblin hits ye wit' a +0 dagger.
Ye die...

#...................####
#...(...#######.###.#
#.......# #.# #.#
#.......# #.# #.#
#.......# #.###+####
#.......# #.........
#......b# #........#
#g## #........# #@g#
#.....††.. ##.#
#......... #.##
#......... #..#
#......... ##.##
#......... #..#
#......... ##.##
#......... #..#
#.######.. ##†# #.# #..


You could see a hobgoblin, a goblin and a bat.

Vanquished Creatures
  An ooze (D:1)
  3 dart slugs (D:1)
  2 bats (D:1)
  A hobgoblin (D:1)
  2 kobolds (D:1)
  2 goblins (D:1)
11 creatures vanquished.

Notes
Turn   | Place    | Note
-------+----------+-------------------------------------------
     0 | D:1      | Cryolive the Gargoyle Earth Elementalist began the quest
                  | for the Orb.
     0 | D:1      | Reached XP level 1. HP: 10/10 MP: 3/3
   124 | D:1      | Reached skill level 4 in Earth Magic
   124 | D:1      | Reached XP level 2. HP: 7/15 MP: 5/5
   484 | D:1      | Slain by a goblin

Vault maps used:
D:1:      dpeg_arrival_fog, kennysheep_another_room

Skill      XL: |  1 |
---------------+----+-----
Earth Magic    | 4 |  4.3
Dodging        | |  1.5
Stealth        | |  2.2
Spellcasting   | |  2.5
Transmutations | |  0.7

Action                   || total
-------------------------++-------
Melee: Whip              ||    37
       Mace              ||    12
 Cast: Sandblast         ||     2
Armor: Robe              ||    11
Dodge: Dodged            ||    36

Table legend:
 A = Non-vault XP
 B = Vault XP
 C = Vault XP percentage of total XP
 D = Non-vault monster count
 E = Vault monster count
 F = Vault count percentage of total count
                 A         B        C        D         E       F
            +---------+---------+-------+---------+---------+-------
      Total |      31 |       0 |   0.0 |      11 |       0 |   0.0
            +---------+---------+-------+---------+---------+-------
        D:1 |      31 |       0 |   0.0 |      11 |       0 |   0.0
            +---------+---------+-------+---------+---------+-------
